 Dungeon Crawl Stone Soup version 0.27.0-1-g7a089689b8 (webtiles) character file.

Game seed: 6333992976537693314

8 nxtlvl the Ducker (level 2, -5/18 HPs)
             Began as a Deep Elf Monk on Aug 7, 2021.
             Slain by Natasha (7 damage)
             ... on level 2 of the Dungeon.
             The game lasted 00:01:27 (127 turns).

nxtlvl the Ducker (Deep Elf Monk)                    Turns: 127, Time: 00:01:27

Health: -5/18      AC:  3    Str:  8    XL:     2   Next: 0%
Magic:  4/4        EV: 13    Int: 14    God:
Gold:   3          SH:  0    Dex: 17    Spells: 1/1 levels left

rFire    . . .     SeeInvis .   a - +0 falchion
rCold    . . .     Faith    .   (no shield)
rNeg     . . .     Spirit   .   b - +0 robe
rPois    .         Reflect  .   (no helmet)
rElec    .         Harm     .   (no cloak)
rCorr    .         Rampage  .   c - +0 pair of gloves
Will     .....                  (no boots)
Stlth    ++........             (no amulet)
HPRegen  0.06/turn              (no ring)
MPRegen  0.09/turn              (no ring)

@: no status effects
A: no striking features
a: no special abilities


You were on level 2 of the Dungeon.
You visited 1 branch of the dungeon, and saw 2 of its levels.

You collected 3 gold pieces.

Inventory:

Hand Weapons
 a - a +0 falchion (weapon)
Missiles
 d - 8 poisoned darts (quivered)
Armour
 b - a +0 robe (worn)
 c - a +0 pair of gloves (worn)


   Skills:
 - Level 2.4 Fighting
 * Level 3.2 Long Blades
 - Level 3.6 Dodging
 - Level 2.4 Stealth


You had one spell level left.
You didn't know any spells.
Your spell library was empty.

Dungeon Overview and Level Annotations

Branches:
Dungeon (2/15)

Altars:

Shops:
D:2 =

Annotations:
D:2 Natasha


Message History

Found a stone staircase leading up.
Natasha hisses angrily.
Throw: 12 darts (poison)
Press: ? - help, Q - select action Shift-Dir - straight line, f - Natasha
Aim: Natasha (53% to hit)
You throw a poisoned dart. The poisoned dart misses Natasha.
Throw: 11 darts (poison)
Press: ? - help, Q - select action Shift-Dir - straight line, f/p - Natasha
Aim: Natasha (53% to hit)
You throw a poisoned dart.
The poisoned dart barely misses Natasha.
Throw: 10 darts (poison)
Press: ? - help, Q - select action Shift-Dir - straight line, f/p - Natasha
Aim: Natasha (53% to hit)
You throw a poisoned dart. The poisoned dart hits Natasha.
Throw: 9 darts (poison)
Press: ? - help, Q - select action Shift-Dir - straight line, f/p - Natasha
Aim: Natasha (53% to hit)
You throw a poisoned dart.
The poisoned dart barely misses Natasha.
You hit Natasha but do no damage.
Natasha howls an incantation.
You feel troubled. Natasha barely misses you.
You riposte.
You hit Natasha.
Natasha is moderately wounded.
You barely miss Natasha.
Natasha is moderately wounded.
Natasha closely misses you.
You riposte.
You hit Natasha.
Natasha is moderately wounded.
You hit Natasha.
Natasha is severely wounded.
Natasha claws you but does no damage. Natasha claws you!
You hit Natasha.
Natasha is almost dead.
Natasha claws you!
* * * LOW HITPOINT WARNING * * *
You completely miss Natasha.
Natasha is almost dead.
Natasha claws you!
You die...

#.#.### ..(...(.
#...... #$...# #.(..#
#...# ##########...#
# ...........h.##.###
########...@.......
.............##....
...#####....∩##. #
+.............
####.†.#....$..
.#########...........
.....................
######.##...#.......
#.###.##.......


You could see Natasha.

Vanquished Creatures
  A dart slug (D:1)
  A giant cockroach (D:2)
  A jackal (D:2)
  A frilled lizard (D:1)
  2 kobolds (D:1)
6 creatures vanquished.

Notes
Turn   | Place    | Note
-------+----------+-------------------------------------------
     0 | D:1      | nxtlvl the Deep Elf Monk began the quest for the Orb.
     0 | D:1      | Reached XP level 1. HP: 13/13 MP: 3/3
    96 | D:2      | Found Nokhli's Jewellery Emporium.
   103 | D:2      | Reached XP level 2. HP: 15/18 MP: 4/4
   111 | D:2      | Noticed Natasha
   127 | D:2      | Slain by Natasha

Illustrated notes

Levels and vault maps discovered:
D:1:      lightli_arrival_quake, layout_basic, hangedman_decor_points,
          amcnicky_mini_pool_small
D:2:      layout_basic, serial_shops, shop, uniq_terence, uniq_natasha,
          uniq_sigmund

Skill      XL: |  1 |
---------------+----+-----
Long Blades    | 3 |  3.2
Fighting       | |  2.4
Dodging        | |  3.6
Stealth        | |  2.4

Action                   || total
-------------------------++-------
Melee: Falchion          ||    29
Throw: Dart              ||     4
 Stab: Sleeping          ||     2
Armor: Robe              ||     7
Dodge: Dodged            ||    17
       Rpst.: Falchion   ||     6
